 Dungeon Crawl Stone Soup version 0.15-a0-2232-g756d4b8 (webtiles) character file.

215 Charly the Spear-Bearer (level 5, 0/41 HPs)
             Began as a Merfolk Berserker on July 25, 2014.
             Was a Believer of Trog.
             Killed by divine providence
             ... invoked by an orc priest
              (14 damage)
             ... on Level 5 of the Dungeon.
             The game lasted 00:08:27 (664 turns).

Charly the Spear-Bearer (Merfolk Berserker)          Turns: 664, Time: 00:08:27

HP   0/41        AC  6     Str 17      XL: 5   Next: 92%
MP   5/5         EV 10     Int  6      God: Trog [**....]
Gold 116         SH  0     Dex 15      Spells:  0 memorised,  4 levels left

rFire  . . .     SeeInvis .     a - +0 spear
rCold  . . .     Clarity  .     h - +0 ring mail
rNeg   . . .     rCorr    .     (no shield)
rPois  .         rRot     .     (no helmet)
rElec  .         Spirit   .     (no cloak)
SustAb .         Warding  .     (no gloves)
rMut   .         Stasis   .     k - +0 pair of boots
Gourm  .                        (no amulet)
MR     .....                    (no ring)
                                (no ring)

@: exhausted, slowed, very slow, not resistant to hostile enchantments, very
unstealthy
A: change form in water, swift swim
a: Burn Spellbooks, Berserk, Trog's Hand, Renounce Religion


You were on level 5 of the Dungeon.
You worshipped Trog.
Trog was pleased with you.
You were very hungry.

You visited 1 branch of the dungeon, and saw 5 of its levels.

You collected 116 gold pieces.

Inventory:

Hand weapons
 a - a +0 spear (weapon)
 d - a +0 club
Armour
 h - a +0 ring mail (worn)
 k - a +0 pair of boots (worn)
Comestibles
 c - 2 bread rations
 j - 2 meat rations
Scrolls
 f - a scroll of magic mapping {unknown}
Potions
 b - a potion of curing
 e - a potion of might
 g - a potion of cure mutation {unknown}
 i - a potion of cancellation {unknown}
 l - a potion of poison {unknown}


   Skills:
 - Level 3.2 Fighting
 + Level 9.2 Polearms
 - Level 1.3 Armour
 - Level 2.6 Dodging


You had 4 spell levels left.
You didn't know any spells.

Dungeon Overview and Level Annotations

Branches:
Dungeon (5/15)
 Temple: D:4-7

Altars:

Shops:
D:4 :


Message History

* * * LOW HITPOINT WARNING * * *
The orc misses you. The orc hits you with a flail.
* * * LOW HITPOINT WARNING * * *
The orc priest looks braver.
The orc hits you but does no damage.
Things that are here:
a dagger; a robe The orc hits you.
* * * LOW HITPOINT WARNING * * *
The orc misses you.
Drink which item? (? for menu, Esc to quit)
You feel better. The orc barely misses you. The orc completely misses you.
The orc hits you but does no damage.
The orc priest mumbles some strange prayers to Beogh.
You feel troubled.
A goblin comes into view. It is wielding a dagger.
The goblin shouts!
The orc priest calls down the wrath of Beogh upon you.
Something smites you!
You die...

#.............
#........##....
#...........#..
#..............
#####..>.........(..
.....(.......#.####.
...........<.....Ko.
.g...........#.####..
#......@....#..#....
#.###.##o#### ....#
#...#<##.#####...###
#...#..)...%?....#
###............#.#
#.#..........#
#.#.o......$....
#.#.%........#.#
#.#..........#


You could see an orc priest, an orc and a goblin.

Vanquished Creatures
  The ghost of Charly the Insei, an average DrTm (D:4)
  An orc wizard (D:5)
  A worker ant (D:5)
  Ijyb (D:2)
  4 adders (D:2)
  2 worms (D:2)
  A giant gecko (D:2)
  A ball python (D:2)
  A giant cockroach (D:5)
  A goblin (D:4)
  3 hobgoblins
  2 quokkas (D:2)
  5 bats
  3 kobolds (D:2)
27 creatures vanquished.

Notes
Turn   | Place    | Note
--------------------------------------------------------------
     0 | D:1      | Charly, the Merfolk Berserker, began the quest for the Orb.
     0 | D:1      | Reached XP level 1. HP: 18/18 MP: 1/1
    90 | D:2      | Noticed Ijyb
    96 | D:2      | Killed Ijyb
    96 | D:2      | Reached skill level 5 in Polearms
    96 | D:2      | Reached XP level 2. HP: 24/24 MP: 2/2
    97 | D:2      | Reached skill level 6 in Polearms
    97 | D:2      | Reached XP level 3. HP: 29/29 MP: 3/3
   208 | D:2      | Reached XP level 4. HP: 25/35 MP: 4/4
   235 | D:2      | Reached skill level 7 in Polearms
   407 | D:4      | Noticed Charly's ghost (average DrTm)
   420 | D:4      | Killed Charly's ghost
   420 | D:4      | Reached skill level 8 in Polearms
   420 | D:4      | Reached XP level 5. HP: 38/41 MP: 5/5
   481 | D:5      | Entered Level 5 of the Dungeon
   496 | D:5      | Acquired Trog's second power
   557 | D:4      | Found Kiunt's Book Shop.
   645 | D:5      | Reached skill level 9 in Polearms
   664 | D:5      | Killed from afar by an orc priest

Action                   |  1- 3 |  4- 6 || total
-------------------------+-------+-------++-------
Melee: Spear             |    49 |   112 ||   161
Invok: Berserk           |     2 |     2 ||     4
  Use: Scroll            |       |     4 ||     4
       Potion            |       |     1 ||     1
  Eat: Chunk             |       |     2 ||     2
